 Dungeon Crawl Stone Soup version 0.20-a0-1126-g0f15420 (webtiles) character file.

205 4thArraOfDagon the Ruffian (level 5, 14/49 HPs)
             Began as a Troll Transmuter on May 17, 2017.
             Quit the game on level 7 of the Dungeon.
             The game lasted 00:03:50 (713 turns).

4thArraOfDagon the Ruffian (Troll Transmuter)        Turns: 713, Time: 00:03:51

Health: 14/49      AC:  5    Str: 18    XL:     5   Next: 52%
Magic:  5/5        EV: 10    Int: 10    God:
Gold:   9          SH:  0    Dex: 10    Spells: 3/6 levels left

rFire    . . .     SeeInvis .     - Unarmed
rCold    . . .     Gourm    +   (no shield)
rNeg     . . .     Faith    .   b - +0 robe
rPois    .         Spirit   .   (helmet restricted)
rElec    .         Reflect  .   (no cloak)
rCorr    .         Harm     .   (gloves unavailable)
MR       .....                  (boots unavailable)
Stlth    ..........             (no amulet)
Regen    0.6/turn               i - ring of loudness
MPRegen  0.1/turn               (no ring)

@: vulnerable, hasted, very quick
A: unfitting armour, claws 3, fast metabolism 3, gourmand, regeneration 1,
shaggy fur 1, tough skin 2
a: no special abilities


You were on level 7 of the Dungeon.
You were very full.

You visited 1 branch of the dungeon, and saw 7 of its levels.

You collected 9 gold pieces.

Inventory:

Missiles
 a - 51 arrows
Armour
 b - a +0 robe (worn)
Jewellery
 i - a ring of loudness (left claw)
Scrolls
 f - 2 scrolls of remove curse
Books
 c - a book of Changes

   Spells                             Type                      Level
   a - Beastly Appendage              Transmutation                1
   b - Sticks to Snakes               Transmutation                2
   c - Spider Form                    Transmutation/Poison         3
   d - Ice Form                       Ice/Transmutation            4
   e - Blade Hands                    Transmutation                5
 k - a book of Minor Magic

   Spells                             Type                      Level
   a - Magic Dart                     Conjuration                  1
   b - Blink                          Translocation                2
   c - Call Imp                       Summoning                    2
   d - Slow                           Hexes                        2
   e - Conjure Flame                  Conjuration/Fire             3
   f - Mephitic Cloud                 Conjuration/Poison/Air       3
Comestibles
 d - 4 bread rations
 g - a royal jelly
 l - 2 meat rations


   Skills:
 + Level 2.0 Fighting
 + Level 2.7 Dodging
 * Level 5.1 Unarmed Combat
 - Level 1.2 Spellcasting
 - Level 1.3 Transmutations


You had 3 spell levels left.
You knew the following spells:

 Your Spells              Type           Power        Failure   Level  Hunger
a - Beastly Appendage     Tmut           #.....       19%         1    ##.....
b - Blink                 Tloc           N/A          45%         2    ###....


Dungeon Overview and Level Annotations

Branches:
Dungeon (7/15)
 Temple: D:4-7

Altars:
Elyvilon

Annotations:
D:7 4thArraOfDagon's ghost, novice TrTm


Innate Abilities, Weirdness & Mutations

You are too large for most types of armour.
You have claws for hands.
Your metabolism is lightning-fast.
You like to eat raw meat.
Your natural rate of healing is unusually fast.
You are covered in fur. (AC +1)
You have very tough skin. (AC +2)


Message History

Okay, then.
Unknown command.
You barely miss the kobold. You claw the kobold!
You kill the kobold!
You feel much better.
A sky beast appears from thin air!
Reactivating autopickup.
You barely miss 4thArraOfDagon's ghost. 4thArraOfDagon's ghost misses you.
You closely miss 4thArraOfDagon's ghost. 4thArraOfDagon's ghost hits you!
You scratch 4thArraOfDagon's ghost but do no damage.
You completely miss 4thArraOfDagon's ghost. 4thArraOfDagon's ghost closely misses you.
You closely miss 4thArraOfDagon's ghost. 4thArraOfDagon's ghost hits you!
* * * LOW HITPOINT WARNING * * *
You scratch 4thArraOfDagon's ghost. 4thArraOfDagon's ghost is lightly damaged.
Unknown command.
Are you sure you want to abandon this character and quit the game? (Confirm with "yes".)

#.... #....
##############K...
###.......{...(YKK..
#.........######....
#...KK....# #....
#.YKK..W..# .....
###W####### ......
#@# ...... ###
...... .... #.


You could see a sky beast, 4thArraOfDagon's ghost and 4 kobolds.

Vanquished Creatures
  A centaur (D:7)
  A hound (D:5)
  A hound skeleton (D:4)
  5 adders
  5 leopard geckos
  7 goblins
  2 hobgoblins (D:2)
  2 ball pythons
  7 bats
  2 frilled lizards
  4 kobolds
  3 rats
40 creatures vanquished.

Notes
Turn   | Place    | Note
-------+----------+-------------------------------------------
     0 | D:1      | 4thArraOfDagon the Troll Transmuter began the quest for the Orb.
     0 | D:1      | Reached XP level 1. HP: 18/18 MP: 1/1
   107 | D:2      | Found a white marble altar of Elyvilon.
   113 | D:2      | Reached skill level 1 in Fighting
   113 | D:2      | Reached XP level 2. HP: 21/27 MP: 2/2
   191 | D:2      | Reached XP level 3. HP: 31/33 MP: 3/3
   284 | D:3      | Reached skill level 4 in Unarmed Combat
   307 | D:3      | Reached XP level 4. HP: 32/41 MP: 4/4
   454 | D:5      | Entered Level 5 of the Dungeon
   525 | D:6      | Learned a level 2 spell: Blink
   573 | D:7      | Noticed a centaur
   586 | D:7      | Killed a centaur
   586 | D:7      | Reached skill level 5 in Unarmed Combat
   586 | D:7      | Reached XP level 5. HP: 46/49 MP: 5/5
   671 | D:7      | Noticed 4thArraOfDagon's ghost (novice TrTm)
   676 | D:7      | Noticed a sky beast
   713 | D:7      | Quit the game

Vault maps used:
D:1:      dpeg_arrival_signposts, minmay_tree_intersection,
          hangedman_decor_opposing
D:2:      elyvilon_altar_5, eat_drink_and_be_merry_uskayaw,
          nicolae_ru_the_path_less_chosen
D:4:      nicolae_overflow_hidden_temple, yredelemnul_forgotten_temple_becter,
          uniq_blork_the_orc, uniq_eustachio, uniq_ijyb, uniq_edmund
D:5:      fedhas_altar_2, grunt_temple_overflow_open,
          minmay_temple_entry_overgrown, first_bread
D:6:      lemuel_crystal_altar, grunt_gozag_statues, uniq_duvessa
D:7:      okawaru_ov_weapons_minmay, grunt_qazlal_clouds, basic_altar,
          kennysheep_another_room

Skill      XL: |  1  2  3  4 |
---------------+-------------+-----
Fighting       | 1 2 |  2.0
Dodging        | 2 |  2.7
Unarmed Combat | 4 5 |  5.1
Spellcasting   | |  1.2
Transmutations | |  1.3

Action                   |  1- 3 |  4- 6 || total
-------------------------+-------+-------++-------
Melee: Unarmed           |    61 |    46 ||   107
       Punch             |     1 |       ||     1
  Use: Scroll            |       |     5 ||     5
       Potion            |       |     3 ||     3
  Eat: Chunk             |     7 |     4 ||    11
Armor: Robe              |    74 |    12 ||    86
Dodge: Dodged            |    84 |    24 ||   108
